AoeStats
← xdoppiadx

Black Forest

510425021Analyzed
3v3 RM · 8h ago on Oct 1, 2026· 69m 0s· 6 players
Game mode
Random Map
Map size
Normal (6 player)
Population
200
Speed
Normal
Resources
Standard
Victory
Conquest
Starting age
Dark Age
Ending age
Imperial Age
RankedLock teamsTeams togetherTeam positionsShared explorationLock speedFull tech treeHidden civsTurbo modeCheats
Victory
Defeat
🇺🇸 Romans · United States
881
+9
🇦🇷 Persians · Argentina
748
+15
🇮🇹 Burmese · Italy
641
+18
🇹🇷 Bohemians · Türkiye
772
-16
🇹🇷 Persians · Türkiye
739
-15
🇹🇷 Chinese · Türkiye
642
-11
Rowan
0:28 Loom
12:53 Feudal Age
21:24 Castle Age
19:44 Double-Bit Axe
20:30 Horse Collar
22:43 Wheelbarrow
27:45 Bow Saw
28:17 Town Watch
31:54 Heavy Plow
33:32 Hand Cart
34:48 Town Patrol
35:08 Gold Mining
35:13 Stone Mining
39:21 Imperial Age
36:54 Pikeman
37:20 Gambesons
37:35 Squires
38:23 Forging
38:14 Scale Mail Armor
38:19 Scale Barding Armor
38:25 Scale Barding Armor
38:23 Padded Archer Armor
38:25 Fletching
39:55 Ballistics
39:26 Guard Tower
39:31 Murder Holes
39:47 Masonry
40:38 Chemistry
40:10 Caravan
40:40 Coinage
40:25 Halberdier
42:29 Two-Man Saw
42:02 Crop Rotation
41:57 Conscription
42:10 Citadels
43:33 Bodkin Arrow
43:54 Chain Mail Armor
44:00 Chain Barding Armor
43:55 Leather Archer Armor
44:16 Iron Casting
43:53 Guilds
43:54 Kamandaran
44:31 Onager
46:38 Plate Mail Armor
46:46 Plate Barding Armor
46:46 Architecture
46:59 Arson
47:53 Banking
48:10 Ring Archer Armor
48:15 Thumb Ring
47:30 Elite Skirmisher
47:31 Crossbowman
49:20 Blast Furnace
48:04 Elite War Elephant
51:33 Man-at-Arms
57:08 Bloodlines
56:58 Husbandry
56:27 Cavalier
56:29 Light Cavalry
62:41 Hoardings
64:57 Capped Ram
Manwe
0:37 Loom
14:05 Feudal Age
14:34 Horse Collar
14:41 Double-Bit Axe
14:45 Fishing Lines
15:59 Town Watch
16:54 Gold Mining
20:13 Castle Age
19:01 Forging
18:28 Man-at-Arms
19:33 Scale Mail Armor
20:18 Long Swordsman
21:01 Squires
23:18 Chain Mail Armor
25:34 Gold Shaft Mining
26:16 Squires
26:23 Pikeman
33:10 Iron Casting
32:26 Fletching
32:44 Scale Barding Armor
32:34 Stone Mining
33:08 Bow Saw
32:52 Gillnets
33:51 Wheelbarrow
34:29 Heavy Plow
34:27 Bodkin Arrow
38:35 Imperial Age
36:55 Hand Cart
37:01 Ballistas
37:22 Ballistics
37:13 Fortified Wall
39:03 Chain Barding Armor
39:00 Masonry
41:14 Chemistry
41:29 Husbandry
45:58 Blast Furnace
44:49 Legionary
46:41 Conscription
47:37 Heavy Scorpion
49:50 Caravan
50:01 Guilds
52:42 Halberdier
60:25 Comitatenses
xdoppiadx
1:38 Loom
11:45 Feudal Age
21:33 Castle Age
19:57 Horse Collar
21:43 Wheelbarrow
21:28 Fishing Lines
22:57 Heavy Plow
24:26 Gillnets
25:12 Hand Cart
27:11 Stone Mining
27:54 Gold Mining
28:49 Caravan
34:44 Imperial Age
32:00 Town Watch
35:33 Forging
35:23 Scale Mail Armor
35:28 Scale Barding Armor
35:13 Fletching
35:23 Padded Archer Armor
35:14 Fletching
36:45 Gold Shaft Mining
36:46 Crop Rotation
37:40 Padded Archer Armor
37:55 Chain Mail Armor
38:00 Chain Barding Armor
38:15 Iron Casting
37:26 Treadmill Crane
38:07 Ballistics
37:38 Guard Tower
39:23 Chain Barding Armor
38:58 Bodkin Arrow
39:23 Chain Barding Armor
39:48 Manipur Cavalry
39:49 Howdah
40:09 Conscription
39:45 Elite Arambai
41:23 Fervor
41:50 Theocracy
42:20 Town Patrol
42:11 Pikeman
42:36 Arson
42:52 Squires
42:38 Gambesons
42:28 Elite Battle Elephant
42:29 Cavalier
43:09 Husbandry
43:20 Bloodlines
44:33 Blast Furnace
44:03 Plate Mail Armor
44:08 Plate Barding Armor
43:33 Bracer
44:08 Plate Barding Armor
44:21 Capped Ram
45:42 Plate Barding Armor
45:07 Bracer
45:42 Plate Barding Armor
45:08 Bracer
45:36 Heated Shot
45:52 Siege Engineers
45:42 Murder Holes
45:57 Fortified Wall
45:58 Masonry
46:24 Keep
46:09 Light Cavalry
47:34 Heavy Scorpion
47:35 Onager
48:32 Masonry
50:40 Chemistry
50:12 Architecture
50:31 Onager
57:11 Hussar
70:15 Keep
D
1:02 Loom
13:34 Feudal Age
20:06 Castle Age
18:39 Double-Bit Axe
18:37 Horse Collar
19:09 Stone Mining
21:27 Bow Saw
31:01 Husbandry
31:13 Scale Barding Armor
31:19 Forging
32:49 Bloodlines
38:30 Imperial Age
38:34 Iron Casting
38:49 Ballistics
38:33 Padded Archer Armor
38:31 Gold Mining
40:42 Leather Archer Armor
40:19 Fletching
39:56 Cavalier
41:58 Ring Archer Armor
42:43 Two-Man Saw
49:12 Blast Furnace
48:14 Scale Mail Armor
48:47 Pikeman
49:31 Squires
50:34 Halberdier
51:33 Chain Mail Armor
54:46 Heavy Rocket Cart
62:33 Plate Mail Armor
Çerkes
0:47 Loom
13:30 Feudal Age
15:02 Double-Bit Axe
20:24 Castle Age
21:42 Fletching
21:52 Padded Archer Armor
22:16 Bow Saw
21:49 Horse Collar
23:52 Bodkin Arrow
24:17 Pikeman
25:25 Heavy Plow
29:57 Chemistry
29:18 Ballistics
30:06 Squires
29:53 Arson
32:51 Wagenburg Tactics
37:01 Imperial Age
36:17 Leather Archer Armor
36:59 Town Watch
37:50 Wheelbarrow
37:27 Masonry
37:29 Fortified Wall
37:33 Heavy Scorpion
38:56 Ring Archer Armor
38:26 Bracer
38:28 Scale Mail Armor
38:38 Forging
38:15 Halberdier
39:49 Conscription
39:40 Caravan
41:07 Two-Man Saw
40:15 Elite Hussite Wagon
41:22 Houfnice
43:45 Chain Mail Armor
44:09 Iron Casting
48:56 Architecture
48:34 Siege Engineers
56:05 Plate Mail Armor
56:36 Blast Furnace
63:20 Town Patrol
63:36 Hand Cart
LuTz
0:37 Loom
10:46 Feudal Age
11:12 Double-Bit Axe
11:09 Horse Collar
17:36 Bloodlines
21:00 Castle Age
21:37 Bow Saw
21:29 Heavy Plow
22:37 Bloodlines
22:39 Scale Barding Armor
22:32 Gold Mining
23:50 Gold Shaft Mining
23:06 Stone Mining
25:23 Forging
26:38 Chain Barding Armor
26:53 Iron Casting
29:27 Iron Casting
41:07 Imperial Age
43:10 Husbandry
42:32 Cavalier
43:48 Husbandry
44:59 Plate Barding Armor
44:52 Savar
47:11 Blast Furnace
Connection lost

Rejoining the realm…

Still unreachable

The connection could not be restored.

Session expired

The server has moved on; the page needs a fresh start.